 Dungeon Crawl Stone Soup version 0.29-a0-813-g4a14ea37d6 (webtiles) character file.

Game seed: 13238866714917095957

15927 Sabo the Blocker (level 12, -3/93 HPs)
             Began as a Formicid Fighter on July 4, 2022.
             Was an Elder of Qazlal.
             Slain by Donald
             ... wielding a +0 scimitar
              (33 damage)
             ... on level 2 of the Orcish Mines.
             The game lasted 01:52:21 (21629 turns).

Sabo the Blocker (Formicid Fighter)                Turns: 21629, Time: 01:52:24

Health: -3/93      AC: 20    Str: 24    XL:     12   Next: 63%
Magic:  13/13      EV: 14    Int:  8    God:    Qazlal [****..]
Gold:   970        SH: 23    Dex: 15    Spells: 11/11 levels left

rFire   . . .      SeeInvis +   U - +8 battleaxe of Contention {vorpal, rN+}
rCold   + . .      Faith    .   f - +0 kite shield
rNeg    + . .      Spirit   .   C - +1 chain mail {rC+}
rPois   .          Reflect  +   (helmet unavailable)
rElec   .          Harm     .   v - +0 cloak
rCorr   .          Rampage  .   p - +2 pair of gloves
Will    +....                   (no boots)
Stlth   ..........              n - amulet of reflection
HPRegen 0.25/turn               t - +4 ring of evasion
MPRegen 0.13/turn               R - +4 ring of protection

@: repel missiles
A: permanent stasis, dig shafts and tunnels, antennae 3, four strong arms
a: Dig, Shaft Self, Renounce Religion, Upheaval, Elemental Force


You were on level 2 of the Orcish Mines.
You worshipped Qazlal.
Qazlal was greatly pleased with you.
You visited 2 branches of the dungeon, and saw 13 of its levels.

You collected 1308 gold pieces.
You spent 338 gold pieces at shops.

Inventory:

Hand Weapons
 c - a +4 falchion of electrocution
 i - a +0 longbow
 m - a +4 great sword
 s - the +1 trident "Xaeddoco" {flame, rElec rF++ Str+2 Int-3}
   (You found it on level 3 of the Dungeon)

   It burns those it strikes, dealing additional fire damage.
   Str:       It affects your strength (+2).
   Int:       It affects your intelligence (-3).
   rF:        It greatly protects you from fire.
   rElec:     It insulates you from electricity.
 w - a +2 halberd of freezing
 F - a +6 short sword of venom
 U - the +8 battleaxe of Contention (weapon) {vorpal, rN+}
   (You bought it in a shop on level 10 of the Dungeon)

   It inflicts extra damage upon your enemies.
   rN:        It protects you from negative energy.
Missiles
 a - 7 boomerangs
 b - 5 atropa-tipped darts
 j - 19 poisoned darts (quivered)
 o - 2 curare-tipped darts
 q - 2 throwing nets
 r - 3 boomerangs of dispersal
 D - 2 silver boomerangs
Armour
 f - a +0 kite shield (worn)
 l - a +2 leather armour of poison resistance
 p - a +2 pair of gloves (worn)
 v - a +0 cloak (worn)
 A - +0 steam dragon scales
 C - a +1 chain mail of cold resistance (worn)
Jewellery
 h - an amulet of the acrobat
 n - an amulet of reflection (around neck)
 t - a +4 ring of evasion (left hand)
 K - a ring of positive energy
 P - a ring of ice
 R - a +4 ring of protection (right hand)
Wands
 d - a wand of paralysis (12)
 y - a wand of flame (22)
 J - a wand of polymorph (6)
 L - a wand of roots (6)
Scrolls
 g - 2 scrolls of magic mapping
 u - 3 scrolls of fear
 H - 2 scrolls of poison
Potions
 e - 4 potions of curing
 x - a potion of cancellation {unknown}
 z - 3 potions of invisibility
 B - a potion of mutation {unknown}
 G - a potion of ambrosia {unknown}
 M - 2 potions of flight {unknown}
 N - a potion of brilliance {unknown}
 S - 2 potions of haste {unknown}
Miscellaneous
 k - a box of beasts


   Skills:
 + Level 8.2 Fighting
 + Level 5.4(6.9) Short Blades
 + Level 6.7(7.6) Long Blades
 + Level 9.3 Axes
 + Level 3.4 Ranged Weapons
 + Level 3.7 Throwing
 + Level 6.8 Armour
 + Level 5.3 Dodging
 + Level 3.3 Stealth
 + Level 12.4 Shields
 + Level 2.5 Invocations


You had 11 spell levels left.
You didn't know any spells.
Your spell library contained the following spells:

 Spells                   Type           Power      Damage    Failure   Level
 Foxfire                  Conj/Fire      0%         2x1d4     99%         1
 Slow                     Hex            0%         N/A       99%         1
 Summon Small Mammal      Summ           0%         N/A       99%         1
 Ensorcelled Hibernation  Hex/Ice        0%         N/A       100%        2
 Call Canine Familiar     Summ           0%         N/A       100%        3
 Confusing Touch          Hex            0%         N/A       100%        3
 Conjure Flame            Conj/Fire      0%         6-21      100%        3
 Inner Flame              Hex/Fire       0%         N/A       100%        3
 Ozocubu's Armour         Ice            0%         N/A       100%        3
 Spider Form              Tmut/Pois      0%         N/A       100%        3
 Summon Guardian Golem    Hex/Summ       0%         N/A       100%        3
 Vampiric Draining        Necr           0%         2d6       100%        3
 Anguish                  Hex/Necr       0%         N/A       100%        4
 Cause Fear               Hex            0%         N/A       100%        4
 Flame Wave               Conj/Fire      0%         2d4       100%        4
 Metabolic Englaciation   Hex/Ice        0%         N/A       100%        5
 Simulacrum               Ice/Necr       0%         N/A       100%        6
 Discord                  Hex            0%         N/A       100%        8


Dungeon Overview and Level Annotations

Branches:
Dungeon (11/15)            Temple (0/1) D:6            Lair (0/6) D:11
    Orc (2/2) D:11
    Elf: Orc:2

Altars:
Elyvilon
Fedhas
Hepliaklqana
Qazlal
Sif Muna
Vehumet
Zin
Jiyva

Shops:
D:2 !   D:4 *   D:5 (   D:10 :(   Orc:1 **

Annotations:
D:5 Grinder
Orc:2 Donald


Innate Abilities, Weirdness & Mutations

You cannot be hasted, slowed, berserked, paralysed or teleported.
You can dig through walls and to a lower floor.
You have a pair of large antennae on your head. (SInv)
Your four strong arms can wield two-handed weapons with a shield.


Message History

The gnoll hits you from afar with a +0 halberd.
You block Donald's attack. Donald blocks your attack.
Donald is heavily wounded.
You slice the gnoll!!
You kill the gnoll!
Qazlal accepts your kill. You block Donald's attack.
The gnoll is engulfed in blazing flames.
You kill the gnoll!
Qazlal accepts your kill.
An orc comes into view. It is wielding a +0 whip.
You block Donald's attack.
You slash Donald!
Donald is heavily wounded.
You block Donald's attack.
A gnoll comes into view. It is wielding a +0 halberd.
You block Donald's attack. Donald blocks your attack.
Donald is heavily wounded.
You hit the gnoll.
You hear a shout!
You block the gnoll's attack.
The orc wizard is engulfed in freezing vapours.
You block Donald's attack. The gnoll hits you but does no damage.
Donald says, "Great.
Now my shield is all dirty."
Donald hits you but does no damage. Donald blocks your attack.
Donald is heavily wounded.
You closely miss the gnoll. You block Donald's attack.
You block the gnoll's attack.
An orc comes into view. It is wielding a +0 war axe.
You slash Donald!
Donald is severely wounded.
You slash the gnoll!
You kill the gnoll!
Qazlal accepts your kill. You block Donald's attack.
Donald is struck by lightning.
Donald hits you with a +0 scimitar!!
You die...

...#..... .......$.
......... ........# ##
.. o...g.###.## $...
#o).°#....# ....{
##.°@§.....#
.....##..{#@#.#
......#..#)..°##
.....#...#.§...###
...........#.#.$.#....#
..................#....#
..................##..##
...................####
....................#
................##))##


You could see Donald (fast, strong), a gnoll and 2 orcs.

Vanquished Creatures
  An orc warlord (Orc:2)
  Fannar (D:10)
  Harold (Orc:1)
  A two-headed ogre (D:11)
  Pikel (D:5)
  An orc sorcerer (Orc:2)
  2 komodo dragons
  2 trolls
  2 hornets
  A slime creature (D:10)
  Sigmund (D:5)
  15 yaks
  2 wraiths
  Eustachio (D:5)
  6 vampire mosquitoes (D:11)
  5 wargs
  3 steam dragons
  2 acid dragons
  2 water moccasins (D:6)
  Duvessa (D:6)
  A sky beast (D:6)
  12 orc warriors
  10 ogres
  A lemure (D:5)
  6 centaurs
  A kobold brigand (D:8)
  3 bullfrogs
  3 necrophages
  A gnoll sergeant (D:11)
  4 scorpions
  8 wights (D:7)
  Dowan (D:6)
  6 killer bees (D:9)
  7 electric eels
  9 howler monkeys
  5 orc priests
  6 hounds
  5 jellies
  2 gnoll boudas
  3 iguanas
  Ijyb (D:5)
  10 orc wizards
  20 gnolls
  13 adders
  2 shadow imps
  A white imp (D:7)
  2 ufetubi
  50 orcs
  9 endoplasms
  7 goblins
  6 hobgoblins
  7 jackals
  12 kobolds
  4 quokkas
  6 ball pythons
  5 bats
  5 frilled lizards
  8 rats
313 creatures vanquished.

Vanquished Creatures (others)
  A rat (D:1)
  A butterfly (D:5)
  11 plants
13 creatures vanquished.

Grand Total: 326 creatures vanquished

Notes
Turn   | Place    | Note
-------+----------+-------------------------------------------
     0 | D:1      | Sabo the Formicid Fighter began the quest for the Orb.
     0 | D:1      | Reached XP level 1. HP: 18/18 MP: 1/1
     6 | D:1      | Noticed a killer bee
     6 | D:1      | Noticed an iguana
     6 | D:1      | Noticed a swamp worm
     7 | D:1      | Noticed a swamp drake
     7 | D:1      | Noticed a black mamba
   398 | D:1      | Reached XP level 2. HP: 24/24 MP: 2/2
   683 | D:1      | Found a faded altar of an unknown god.
   706 | D:1      | Prayed at the altar of an unknown god.
   706 | D:1      | Became a worshipper of Qazlal Stormbringer
   706 | D:1      | Reached * piety under Qazlal
   914 | D:1      | Reached XP level 3. HP: 27/29 MP: 3/3
  1444 | D:2      | Reached ** piety under Qazlal
  1603 | D:2      | Reached XP level 4. HP: 35/35 MP: 4/4
  1657 | D:2      | Found a shimmering blue altar of Sif Muna.
  1686 | D:2      | Found Xeru's Distillery.
  1697 | D:2      | Bought a potion of heal wounds for 55 gold pieces
  2614 | D:3      | Reached XP level 5. HP: 41/41 MP: 5/5
  2723 | D:3      | Identified the +1 trident "Xaeddoco" {flame, rElec rF++
                  | Str+2 Int-3}
  3187 | D:3      | Noticed a centaur
  3196 | D:3      | Killed a centaur
  3197 | D:3      | Reached XP level 6. HP: 41/48 MP: 6/6
  3940 | D:4      | Found Rorarrou's Retail Resort.
  3990 | D:4      | Noticed an ogre
  4002 | D:5      | Entered Level 5 of the Dungeon
  4027 | D:5      | Noticed an ogre
  4035 | D:5      | Killed an ogre
  4036 | D:5      | Reached skill level 5 in Armour
  4205 | D:5      | Reached skill level 1 in Dodging
  4205 | D:5      | Reached skill level 5 in Shields
  4205 | D:5      | Reached XP level 7. HP: 46/54 MP: 7/7
  4269 | D:5      | Noticed Ijyb
  4290 | D:5      | Killed Ijyb
  4406 | D:5      | Noticed Eustachio
  4417 | D:5      | Killed Eustachio
  4418 | D:5      | Reached skill level 5 in Axes
  4418 | D:5      | Reached skill level 6 in Shields
  4418 | D:5      | Reached skill level 1 in Invocations
  4633 | D:5      | Noticed Pikel
  4640 | D:5      | Killed Pikel
  4641 | D:5      | Reached skill level 7 in Shields
  4641 | D:5      | Reached XP level 8. HP: 45/61 MP: 7/9
  4857 | D:5      | Reached skill level 1 in Long Blades
  4928 | D:5      | Noticed Grinder
  5113 | D:5      | Found a white marble altar of Elyvilon.
  5181 | D:4      | Reached skill level 5 in Fighting
  5282 | D:4      | Found a hazy altar of Hepliaklqana.
  5769 | D:5      | Noticed Sigmund
  5776 | D:5      | Killed Sigmund
  5777 | D:5      | Reached skill level 1 in Stealth
  5777 | D:5      | Reached XP level 9. HP: 68/68 MP: 10/10
  5809 | D:5      | Found Lolibof's Weapon Shoppe.
  5953 | D:5      | Reached skill level 8 in Shields
  6324 | D:6      | Noticed Duvessa
  6328 | D:6      | Noticed Dowan
  6333 | D:6      | Killed Duvessa
  6335 | D:6      | Killed Dowan
  6408 | D:6      | Found a staircase to the Ecumenical Temple.
  6490 | D:6      | Reached skill level 5 in Long Blades
  6551 | D:6      | Reached skill level 1 in Throwing
  6793 | D:6      | Noticed a troll
  6808 | D:6      | Killed a troll
  6944 | D:6      | Reached XP level 10. HP: 76/76 MP: 7/11
 10379 | D:6      | HP: 3/76 [electric eel/bolt of electricity (10)]
 11654 | D:6      | Reached skill level 1 in Ranged Weapons
 11915 | D:6      | Found a radiant altar of Vehumet.
 11993 | D:6      | Found a stormy altar of Qazlal.
 12081 | D:6      | Found a glowing silver altar of Zin.
 13390 | D:7      | Reached skill level 9 in Shields
 13660 | D:7      | Found a shimmering blue altar of Sif Muna.
 13765 | D:7      | Reached skill level 1 in Short Blades
 13946 | D:8      | Found a blossoming altar of Fedhas.
 15934 | D:9      | Reached XP level 11. HP: 76/83 MP: 12/12
 15942 | D:9      | Reached skill level 10 in Shields
 16546 | D:10     | Entered Level 10 of the Dungeon
 16624 | D:10     | Noticed Fannar
 16646 | D:10     | Killed Fannar
 16806 | D:10     | Reached *** piety under Qazlal
 16992 | D:10     | Found a viscous altar of Jiyva.
 17562 | D:10     | Reached skill level 5 in Short Blades
 17562 | D:10     | Reached skill level 11 in Shields
 17808 | D:10     | Found Kuceal's Antique Weapon Shop.
 17818 | D:10     | Bought a warped battleaxe for 253 gold pieces
 17818 | D:10     | Identified the +8 battleaxe of Contention {vorpal, rN+}
                  | (You bought it in a shop on level 10 of the Dungeon)
 18155 | D:10     | Found Posch's Book Emporium.
 18203 | D:11     | Reached skill level 5 in Dodging
 18549 | D:11     | Noticed a two-headed ogre
 18562 | D:11     | Killed a two-headed ogre
 19138 | D:11     | Reached XP level 12. HP: 92/92 MP: 13/13
 19149 | D:11     | Reached **** piety under Qazlal
 19565 | D:11     | Found a staircase to the Orcish Mines.
 19737 | D:11     | Found a staircase to the Lair.
 19792 | Orc:1    | Entered Level 1 of the Orcish Mines
 19979 | Orc:1    | Found Ruigahid's General Store.
 20153 | Orc:1    | Found Voemn's CLEARANCE SALE!.
 20168 | Orc:1    | Bought a scroll of enchant armour for 30 gold pieces
 20242 | Orc:1    | Noticed Harold
 20254 | Orc:1    | Killed Harold
 20699 | Orc:2    | Entered Level 2 of the Orcish Mines
 20862 | Orc:1    | Reached skill level 12 in Shields
 21270 | Orc:2    | Noticed an orc warlord
 21288 | Orc:2    | Killed an orc warlord
 21615 | Orc:2    | Noticed Donald
 21629 | Orc:2    | Slain by Donald

Illustrated notes

Levels and vault maps discovered:
D:1:      onia_arrival_zoo_common, layout_loops_ring, basic_ecumenical_altar,
          lemuel_flame_loot_1
D:2:      layout_basic, serial_shops, shop, basic_altar, st_stairs_4,
          kennysheep_crisscross
D:3:      layout_basic, minivault_4
D:4:      layout_rooms, mainiacjoe_overflow_24_doors, nicolae_alphabet_shops
D:5:      layout_loops_ring, nicolae_elyvilon_peaceful_grove, serial_shops,
          nicolae_shop_bloodbath_and_beyond, amcnicky_mini_pool_medium,
          uniq_pikel, uniq_sigmund, uniq_crazy_yiuf_cottage, uniq_grinder,
          uniq_eustachio, uniq_ijyb
D:6:      cheibrodos_two_vegetables, layout_loops_ring,
          nicolae_vehumet_radiance, zin_scriptorium, grunt_qazlal_clouds,
          uniq_duvessa
D:7:      layout_basic, nicolae_sif_muna_condensation
D:8:      layout_basic, lemuel_doored_altar
D:9:      layout_roguey
D:10:     layout_irregular_city, serial_shops, nicolae_shop_behind_doors, shop,
          jiyva_altar_1, uniq_fannar
D:11:     layout_gridville, david_lair_shrubbed, orc_david_3, hex_large,
          minivault_14
Orc:1:    layout_diamond_mine, serial_shops, nicolae_lakefront_shop,
          nicolae_shop_clearance, uniq_harold
Orc:2:    st_orc_rangers, layout_diamond_mine, serial_shops,
          nicolae_shop_window_shopping, uniq_donald

Skill      XL: |  1  2  3  4  5  6  7  8  9 10 11 12 |
---------------+-------------------------------------+-----
Armour         | 4 5 6 |  6.8
Axes           | 3 4 5 6 7 9 |  9.3
Fighting       | 4 5 6 7 8 |  8.2
Dodging        | 1 2 3 4 5 |  5.3
Shields        | 5 7 8 9 11 12 | 12.4
Invocations    | 2 |  2.5
Long Blades    | 3 5 6 |  6.7
Stealth        | 1 2 3 |  3.3
Throwing       | 1 2 3 |  3.7
Ranged Weapons | 3 |  3.4
Short Blades   | 3 5 |  5.4

Action                   |  1- 3 |  4- 6 |  7- 9 | 10-12 || total
-------------------------+-------+-------+-------+-------++-------
Melee: War axe           |    99 |   113 |    29 |       ||   241
       Falchion          |       |       |   115 |    73 ||   188
       Short sword       |       |       |       |   355 ||   355
       Battleaxe         |       |       |       |   157 ||   157
 Fire: Longbow           |       |       |       |    69 ||    69
Throw: Dart              |     7 |     8 |    15 |    37 ||    67
Invok: Upheaval          |       |     3 |     8 |     1 ||    12
Evoke: Wand              |       |       |       |     2 ||     2
  Use: Scroll            |     2 |     2 |     1 |    14 ||    19
       Potion            |       |     1 |     4 |     5 ||    10
 Stab: Distracted        |       |       |       |     1 ||     1
Armor: Scale mail        |    40 |    14 |       |       ||    54
       Leather armour    |       |    22 |    45 |    59 ||   126
       Chain mail        |       |       |       |    18 ||    18
Dodge: Dodged            |    45 |    57 |    64 |   257 ||   423
Block: Buckler           |    30 |       |       |       ||    30
       Kite shield       |       |   100 |   114 |   520 ||   734
       Reflection        |       |       |       |     8 ||     8

Table legend: (Time is in decaauts)
 A = Elapsed time spent in this place.
 B = Non-inter-level travel time spent in this place.
 C = Inter-level travel time spent in this place.
 D = Time resting spent in this place.
 E = Time spent auto-exploring this place.
 F = Levels seen in this place.
 G = Mean time per level.
                   A        B        C        D        E       F      G
               +--------+--------+--------+--------+--------+-----+--------+
         Total |  21877 |  21877 |      0 |   9102 |      0 |  13 | 1682.8 |
       Dungeon |  20004 |  20004 |      0 |   8562 |      0 |  11 | 1818.5 |
  Orcish Mines |   1873 |   1873 |      0 |    540 |      0 |   2 |  936.5 |
               +--------+--------+--------+--------+--------+-----+--------+

Top non-repeatable levels by time:
     D:6: 6591 daAuts
    D:10: 1912 daAuts
     D:5: 1844 daAuts
     D:3: 1612 daAuts
     D:9: 1451 daAuts
    D:11: 1342 daAuts
     D:1: 1277 daAuts
     D:8: 1174 daAuts
   Orc:1: 1131 daAuts
     D:7: 1118 daAuts
     D:2: 905 daAuts
     D:4: 773 daAuts
   Orc:2: 742 daAuts
